Construct Infanterie Kompanie
Selects Luftwaffe Battlegroup
Construct Panzergrenadier Kompanie
Selects Luftwaffe Pioneer Support
Selects Stuka Strafing Run
Pak 40 Anti-tank Gun Team
Panzergrenadier Officer Quarters
Selects Fallschirmjäger Squad Paradrop
Fallschirmjäger Squad Paradrop
Fallschirmjäger Squad Paradrop
Construct Panzer Kompanie
Pak 40 Anti-tank Gun Team
Selects Flak 38 Anti-Air Emplacement
Selects Infantry Reserves
Fallschirmjäger Squad Paradrop
Pak 40 Anti-tank Gun Team
Fallschirmpioneer Squad Paradrop